Unix NetHack Version 5.0.0-0 post-release - last build May  4 2026 22:22:43 (774f63e81ad911689b3a0859ea89b322d5daca8d,branch:main).

Game began 2026-05-08 21:06:02, ended 2026-05-10 13:20:10.

Kolin, lawful female dwarven Valkyrie

              ------
              |.....
    -----------.....  ..        ....                           ------------
    |..|).^[|.........          .....                    ...   |......(...|
    |..|[(.[|......}}           ......              }........  |..........|
    |..-[----......}-             ....             -}......... --|--|--...|
    |..[).|........}|                              |}.................|(..|
    |....)|[)......}                  --------------..................|...|
    |....[)[)).....   |               |......h...|}}%.%...`...........-...|
    |.....|)))......                  |......%%%.-....)%..``..........|..(|
    --|----.[...)...                  |..%...\%%C|...%@)..............|...|
      # |`.........}  |               |..(.....D.|}}...@.%............-...|
      # |.......... -   --------      --------------..................|...|
      # ---.......  |   |}}}}}}                |   |}.................|...|
      #   |........}-----}....................}-----}..........--|--|--..(|
      #   |.)......}}}}}}}....................}}}}}};..........|..........|
    --|----|--.................................................|(.........|
    |.....%..|.................................................------------
    |........|.%....................................................
    ----------------------------------------------------------------
Kolin the Warrior           St:18 Dx:10 Co:19 In:8 Wi:11 Ch:10  Lawful
Fort Ludios $:0  HP:0(146) Pw:19(19) AC:-7 Xp:16/344166 T:22121 

Latest messages:
 The hobgoblin misses the forest centaur.
 The yellow dragon picks up 3 gems.
 The invisible Croesus swings his two-handed sword.
 The invisible Croesus hits!
 What do you want to use or apply? [aehk-mopswxzCFGIKLNQZ or ?*] s
 In what direction? 4
 Status of Croesus (lawful, medium):  Level 20  HP 63(84)  AC -1, invisible.
 You hit the invisible Croesus!
 The forest centaur swings his scimitar at the yellow dragon.
 The forest centaur misses the yellow dragon.
 The forest centaur hits the yellow dragon.
 The invisible Croesus swings his two-handed sword.
 The invisible Croesus hits!
 The forest centaur swings his scimitar at the yellow dragon.
 The forest centaur misses the yellow dragon.
 The forest centaur misses the yellow dragon.
 What do you want to use or apply? [aehk-mopswxzCFGIKLNQZ or ?*] s
 In what direction? 4
 Status of Croesus (lawful, medium):  Level 20  HP 46(84)  AC -1, invisible.
 You hit the invisible Croesus!
 The yellow dragon misses the forest centaur.
 The yellow dragon hits the forest centaur.
 The yellow dragon hits the forest centaur.
 The yellow dragon knocks the forest centaur backward with a forceful blow!
 The invisible Croesus drinks a potion of extra healing!
 The invisible Croesus looks much better.
 What do you want to use or apply? [aehk-mopswxzCFGIKLNQZ or ?*] <esc>
 Never mind.
 What do you want to use or apply? [aehk-mopswxzCFGIKLNQZ or ?*] s
 In what direction? 4
 Status of Croesus (lawful, medium):  Level 20  HP 57(84)  AC -1, invisible.
 You hit the invisible Croesus!
 The yellow dragon picks up 3 gems.
 The invisible Croesus swings his two-handed sword.
 The invisible Croesus hits!
 What do you want to use or apply? [aehk-mopswxzCFGIKLNQZ or ?*] s
 In what direction? 4
 Status of Croesus (lawful, medium):  Level 20  HP 35(84)  AC -1, invisible.
 The yellow dragon picks up 3 gems.
 The invisible Croesus swings his two-handed sword.
 The invisible Croesus hits!
 What do you want to zap? [hk-mopCGKLN or ?*] ?
 Never mind.
 What do you want to read? [Y or ?*] Y
 As you read the scroll, it disappears.
 You shudder for a moment.
 The invisible Croesus swings his two-handed sword.
 The invisible Croesus hits!
 You die...
 Do you want your possessions identified? [ynq] (y) q

Inventory:
 Amulets  ('"')
  H - a cursed amulet of reflection (being worn)
 Weapons  (')')
  y - a +0 dagger
  X - 3 +1 elven daggers
  b - 2 +0 elven daggers
  t - a blessed +0 orcish dagger
  r - 2 +0 orcish daggers (at the ready)
  M - the rustproof +3 Excalibur (weapon in right hand)
 Armor    ('[')
  v - an uncursed +0 helm of telepathy (being worn)
  n - an uncursed +0 pair of leather gloves (being worn)
  D - a cursed fireproof +3 pair of elven boots (being worn)
  c - an uncursed burnt rotted +3 small shield (being worn)
  q - an uncursed +0 dwarvish cloak
  O - an uncursed +0 mummy wrapping (being worn)
  J - an uncursed +0 elven mithril-coat (being worn)
 Comestibles  ('%')
  V - an uncursed clove of garlic
  d - 2 uncursed food rations
  g - an uncursed melon
  R - an uncursed tripe ration
  j - 3 uncursed lizard corpses
 Rings    ('=')
  f - an uncursed ring of conflict (on left hand)
  W - a blessed +2 ring of increase accuracy (on right hand)
 Wands    ('/')
  G - a wand of cold (0:7)
  h - a wand of cold (0:4)
  k - a wand of fire (0:6)
  L - a blessed wand of magic missile (0:5)
  K - a wand of magic missile (0:8)
  C - a wand of magic missile (0:5)
  l - a wand of magic missile (0:4)
  N - a wand of make invisible (0:7)
  m - a wand of sleep (0:4)
  p - a wand of striking (0:1)
  o - a wand of striking (0:0)
 Tools    ('(')
  x - a blessed bag of holding containing 39 items
  e - an uncursed sack containing 1 item
  w - an uncursed blindfold
  Q - an uncursed lock pick
  I - an uncursed magic lamp (lit)
  z - an uncursed mirror
  Z - a cursed skeleton key
  s - an uncursed stethoscope
  F - an uncursed towel
  a - a +0 unicorn horn
 Gems/Stones  ('*')
  i - a blessed luckstone

Contents of the sack:
  a potion of holy water

Contents of the bag of holding:
  7186 gold pieces
  an uncursed +0 helm of telepathy
  an uncursed +0 set of gold dragon scales
  an uncursed +0 set of red dragon scales
  an uncursed C-ration
  3 uncursed food rations
  an uncursed lembas wafer
  an uncursed scroll of stinking cloud
  an uncursed scroll of destroy armor
  2 uncursed scrolls of create monster
  2 uncursed scrolls of earth
  an uncursed scroll of enchant armor
  an uncursed scroll of identify
  2 uncursed scrolls of remove curse
  a cursed scroll of teleportation
  an uncursed scroll of teleportation
  an uncursed spellbook of jumping
  an uncursed spellbook of force bolt
  an uncursed potion of acid
  an uncursed potion of confusion
  an uncursed potion of gain level
  an uncursed potion of healing
  a blessed potion of speed
  a potion of holy water
  a wand of slow monster (0:4)
  a cursed wand of cold (0:5)
  a wand of cold (0:2)
  a wand of create monster (0:13)
  a cursed wand of digging (0:0)
  a wand of light (0:12)
  a wand of lightning (0:0)
  a cursed wand of lightning (0:4)
  a cursed wand of magic missile (0:1)
  a wand of sleep (0:4)
  a wand of sleep (0:5)
  a wand of striking (0:1)
  a wand of striking (0:4)
  a wand of teleportation (0:4)
  a cursed wand of teleportation (0:0)

Kolin the Valkyrie's attributes:

Background:
 You were a Warrior, a level 16 dwarven Valkyrie.
 You were lawful, on a mission for Tyr
 who was opposed by Odin (neutral) and Loki (chaotic).
 You were right-handed.
 You were on the Fort Ludios level.
 You entered the dungeon 22121 turns ago.
 You had 344166 experience points, 295834 more were needed to attain level 17.

Basics:
 You had 0 out of 146 hit points.
 You had all 19 energy points (spell power).
 Your armor class was -7.
 Your wallet was empty, but
 you had 7186 zorkmids stashed away in your pack.
 Autopickup was on for '$"?!=/' plus thrown.

Final Characteristics:
 Your strength was 18 (limit:18/100).
 Your dexterity was 10 (peak:15, limit:20).
 Your constitution was 19 (limit:20).
 Your intelligence was 8 (limit:16).
 Your wisdom was 11 (limit:16).
 Your charisma was 10 (limit:16).

Final Status:
 You weren't hungry.
 You were unencumbered.
 You were wielding a long sword.
 You had expert skill with long sword.

Final Attributes:
 You were piously aligned.
 You were fire resistant.
 You were cold resistant.
 You were sleep resistant.
 You were poison resistant.
 You were level-drain resistant.
 You saw invisible.
 You were telepathic.
 You had automatic searching.
 You had infravision.
 You were visible.
 You were stealthy.
 You caused conflict.
 You had a small bonus to hit (+2).
 You had a small defense bonus (+3).
 You were guarded.
 You were fast.
 You had reflection.
 You were lucky.
 You had extra luck.
 Good luck did not time out for you.
 You are dead.

Miscellaneous:
 You encountered 2 bones levels.
 Total elapsed playing time was 19 hours, 50 minutes and 24 seconds.

Major events:
 Turn
    1: Kolin the lawful dwarven Valkyrie entered the dungeon
  343: attained the rank of Skirmisher (level 3)
  808: entered the Gnomish Mines
 2960: attained the rank of Fighter (level 6)
 3108: entered Sokoban
 5709: reached Mine Town
 7165: completed 1st Sokoban level
 7592: completed 2nd Sokoban level
 7867: completed 3rd Sokoban level
11126: found Excalibur on the floor
13280: completed 4th Sokoban level
13362: attained the rank of Woman-at-arms (level 10)
15256: entered Home 1, the Quest
16314: attained the rank of Warrior (level 14)
18119: acquired the Sokoban bag of holding
22121: killed by invisible Croesus

You didn't know any spells.

Skills:
 Fighting Skills
   bare handed combat [Unskilled]
   two weapon combat  [Unskilled]
   riding             [Unskilled]
 Weapon Skills
   dagger             [Basic]
   axe                [Unskilled]
   pick-axe           [Unskilled]
   short sword        [Unskilled]
   broadsword         [Unskilled]
   long sword         [Expert]
   two-handed sword   [Unskilled]
   saber              [Unskilled]
   hammer             [Unskilled]
   quarterstaff       [Unskilled]
   polearms           [Unskilled]
   spear              [Basic]
   trident            [Unskilled]
   lance              [Unskilled]
   sling              [Unskilled]
 Spellcasting Skills
   attack spells      [Unskilled]
   escape spells      [Unskilled]

Voluntary challenges:
 Character rerolling was not enabled.
 You never genocided any monsters.
 You never polymorphed an object.
 You used no wishes.
 You did not violate any of the special Sokoban rules.
Achievements:
 You attained the rank of Skirmisher.
 You entered the Gnomish Mines.
 You entered a shop.
 You attained the rank of Fighter.
 You entered Sokoban.
 You entered Minetown.
 You entered a temple.
 You attained the rank of Woman-at-arms.
 You attained the rank of Warrior.
 You completed Sokoban.

 The Dungeons of Doom: levels 1 to 16
    Level 1:
    Level 2:
       A fountain.
    Level 3:
       A general store.
       Stairs down to The Gnomish Mines.
    Level 4:
       An altar, a fountain, a grave.
    Level 5:
       An altar.
    Level 6:
       Some fountains.
    Level 7:
       Many fountains.
       Oracle of Delphi.
    Level 8:
       An altar.
       Stairs up to Sokoban, level 7.
    Level 9:
    Level 10:
       A throne, a grave.
       Final resting place for
          Havs-Kni-Hum-Mal-Law, killed by an Elvenking.
    Level 11:
    Level 12:
       A throne, a fountain.
       Portal to Fort Ludios.
    Level 13:
       An altar.
    Level 14:
       Some fountains.
       Summoned by the Norn.
       Portal to The Quest.
    Level 15:
       Many graves.
    Level 16:
       A primitive area.
 The Gnomish Mines: levels 4 to 10
    Level 4:
    Level 5:
    Level 6:
    Level 7:
       Many shops, a temple and an altar to Tyr, some fountains, a grave.
       Final resting place for
          Kwijibo4686-Val-Hum-Fem-Neu, killed by a killer bee.
    Level 8:
    Level 9:
    Level 10:
 The Quest:
    Level 1:
       A fountain.
       Home.
 Sokoban: levels 7 up to 4
    Level 4:
       Solved.
    Level 5:
       Solved.
    Level 6:
       Solved.
    Level 7:
       Solved.
 Fort Ludios:
    Level 1: <- You were here.
       A throne.
       Fort Ludios.
       Final resting place for
          you, killed by invisible Croesus.


Vanquished creatures:
  a gold dragon
  a red dragon
  a white dragon
  a green dragon
  2 yellow dragons
  6 Olog-hai
  a titanothere
  a vampire leader
  a captain
 an ettin
  3 vampires
  5 lieutenants
  7 ghosts
  3 queen bees
  2 giant mimics
  2 fire giants
 an ogre tyrant
 an ice troll
 an umber hulk
  2 elven monarchs
  3 stalkers
 an air elemental
  3 fire elementals
  2 water elementals
  a hill giant
  2 giant mummies
  2 giant zombies
 an elf-noble
 11 sergeants
  a warg
  a small mimic
  2 warhorses
  2 xans
 an ettin mummy
  3 ogre leaders
  a quantum mechanic
  4 trolls
  2 wood golems
  4 pyrolisks
  a large dog
  2 freezing spheres
  2 flaming spheres
  a shocking sphere
  3 large cats
  a tiger
  a gargoyle
  3 ochre jellies
  4 leocrottas
 an energy vortex
  a mountain centaur
 an elf mummy
  a human mummy
 11 wraiths
 an ettin zombie
  3 leather golems
  6 Grey-elves
 71 soldiers
  2 amorous demons
  2 chameleons
  3 giant beetles
  a quivering blob
  3 cockatrices
  3 wolves
  4 winter wolf cubs
  a lynx
  2 gremlins
  6 leprechauns
  3 orc-captains
  a giant spider
  a scorpion
  a horse
 an ice vortex
  a black light
  2 vampire bats
  a gnome ruler
 an orc mummy
  4 brown puddings
  2 owlbears
  a yeti
  2 werewolves
  5 Green-elves
  6 lizards
  a chickatrice
  2 dingoes
  a dog
  2 housecats
  2 jaguars
  2 black unicorns
  5 dust vortices
  6 ravens
  2 plains centaurs
  a snake
  3 apes
  7 human zombies
  a rope golem
  4 soldier ants
 18 fire ants
 12 bugbears
  5 quasits
  2 wood nymphs
  a water nymph
  2 mountain nymphs
  7 Mordor orcs
  5 Uruk-hai
  7 orc shamans
  5 rock piercers
  2 rock moles
  3 ponies
  4 fog clouds
  5 yellow lights
  a gnomish wizard
  2 kobold mummies
  a gray ooze
  2 barrow wights
  5 elf zombies
  3 ghouls
  2 paper golems
  7 giant ants
  3 little dogs
  6 floating eyes
  2 kittens
  a dwarf
  5 homunculi
  a kobold leader
  2 kobold shamans
 12 hill orcs
  5 rothes
  2 rabid rats
  a centipede
  3 giant bats
  2 monkeys
  5 orc zombies
  6 dwarf zombies
  2 wererats
  2 werejackals
 14 iguanas
 37 killer bees
  a coyote
  a gas spore
  4 manes
  3 large kobolds
 24 hobgoblins
  7 giant rats
  a cave spider
  a brown mold
  a yellow mold
  2 red molds
  4 gnomes
  6 garter snakes
  9 gnome zombies
  8 geckos
 13 jackals
  2 foxes
  4 kobolds
  2 goblins
  7 sewer rats
  3 grid bugs
  2 bats
  7 lichens
  2 kobold zombies
  5 newts
633 creatures vanquished.

No species were genocided or became extinct.

Game over:
                       ----------
                      /          \
                     /    REST    \
                    /      IN      \
                   /     PEACE      \
                  /                  \
                  |      Kolin       |
                  |     7186 Au      |
                  |    killed by     |
                  |    invisible     |
                  |     Croesus      |
                  |                  |
                  |       2026       |
                 *|     *  *  *      | *
        _________)/\\_//(\/(/\)/\//\/|_)_______

Farvel Kolin the Valkyrie...

You died in Fort Ludios with 147752 points,
and 7186 pieces of gold, after 22121 moves.
You were level 16 with a maximum of 146 hit points when you died.

